 Dungeon Crawl Stone Soup version 0.25.0-1-g7eea58d2a3 (webtiles) character file.

Game seed: 8729530066706476849

256 McIrco the Sneak (level 5, 0/36 HPs)
             Began as a Vampire Enchanter on June 14, 2020.
             Succumbed to an orc's poison
             ... on level 3 of the Dungeon.
             The game lasted 00:04:33 (1898 turns).

McIrco the Sneak (Vampire Enchanter)                Turns: 1898, Time: 00:04:34

Health: 0/36       AC:  3    Str:  8    XL:     5   Next: 92%
Magic:  4/8        EV: 13    Int: 18    God:
Gold:   81         SH:  0    Dex: 14    Spells: 6/9 levels left

rFire    . . .     SeeInvis +   a - +1 dagger
rCold    . . .     Gourm    .   (no shield)
rNeg     . . .     Faith    .   b - +0 robe
rPois    .         Spirit   .   (no helmet)
rElec    .         Reflect  .   (no cloak)
rCorr    .         Harm     .   (no gloves)
MR       .....                  j - +0 pair of boots
Stlth    +++.......             (no amulet)
HPRegen  0.32/turn              (no ring)
MPRegen  0.11/turn              (no ring)

@: lethally poisoned (0 -> -4), regenerating quickly
A: no food, fangs 3, see invisible, unbreathing
a: Exsanguinate


You were on level 3 of the Dungeon.
You were alive.

You visited 1 branch of the dungeon, and saw 3 of its levels.

You collected 81 gold pieces.

Inventory:

Hand Weapons
 a - a +1 dagger (weapon)
Armour
 b - a +0 robe (worn)
 j - a +0 pair of boots (worn)
Jewellery
 i - an uncursed amulet of magic regeneration {unknown}
Scrolls
 c - 3 scrolls of identify {unknown}
 f - a scroll of magic mapping {unknown}
Potions
 e - a potion of resistance {unknown}
 g - a potion of heal wounds {unknown}
 h - a potion of curing {unknown}


   Skills:
 + Level 0.8 Fighting
 + Level 3.0 Short Blades
 + Level 2.6 Dodging
 + Level 6.6 Stealth
 + Level 2.5 Spellcasting
 * Level 6.0 Hexes
 + Level 1.3 Ice Magic


You had 6 spell levels left.
You knew the following spells:

 Your Spells              Type           Power        Failure   Level  Hunger
a - Corona                Hex            ###....      1%          1    N/A
b - Ensorcelled Hibernat  Hex/Ice        ###...       5%          2    N/A

Your spell library contained the following spells:

 Spells                   Type           Power        Failure   Level  Hunger
 Confusing Touch          Hex            ###.....     4%          3    N/A
 Tukima's Dance           Hex            ###.....     4%          3    N/A
 Dazzling Flash           Conj/Hex       ##....       16%         3    N/A

Dungeon Overview and Level Annotations

Branches:
Dungeon (3/15)

Altars:
Makhleb
Nemelex Xobeh
Okawaru
Ru
Trog
Xom


Innate Abilities, Weirdness & Mutations

You do not eat.
Your natural rate of healing is unusually fast.
You have razor-sharp teeth.
You have supernaturally acute eyesight. (SInv)
You can survive without breathing.


Message History

You impale the rat!!
You kill the rat!
* * * LOW HITPOINT WARNING * * *
You feel sick.
Keep bloodletting? [Y]es or [N]o only, please.
Keep bloodletting?
* * * LOW HITPOINT WARNING * * *
You feel sick.
You begin bloodletting.
You continue bloodletting.
* * * LOW HITPOINT WARNING * * *
You feel sick.
You continue bloodletting.
* * * LOW HITPOINT WARNING * * *
You feel sick.
You continue bloodletting.
* * * LOW HITPOINT WARNING * * *
You feel sick.
You continue bloodletting.
You die...

#.......
...... ....?.
.... # ...#
###.##..####
##..........#
.......@....#
...
##.....[....#
.#
############
##


There were no monsters in sight!

Vanquished Creatures
  Sigmund (D:3)
  4 gnolls (D:2)
  2 oozes (D:1)
  3 dart slugs
  2 orcs (D:2)
  3 giant cockroaches
  12 goblins
  5 hobgoblins
  A ball python (D:1)
  7 bats (D:1)
  2 frilled lizards (D:1)
  10 kobolds
  8 rats
60 creatures vanquished.

Notes
Turn   | Place    | Note
-------+----------+-------------------------------------------
     0 | D:1      | McIrco the Vampire Enchanter began the quest for the Orb.
     0 | D:1      | Reached XP level 1. HP: 13/13 MP: 3/3
   128 | D:1      | Reached XP level 2. HP: 18/19 MP: 5/5
   152 | D:1      | Learned a level 2 spell: Ensorcelled Hibernation
   355 | D:1      | Reached skill level 5 in Stealth
   357 | D:1      | Reached XP level 3. HP: 12/25 MP: 3/6
   564 | D:1      | Reached skill level 5 in Hexes
   803 | D:2      | Found a sparkling altar of Nemelex Xobeh.
   915 | D:2      | Found a sacrificial altar of Ru.
   994 | D:2      | Reached XP level 4. HP: 31/31 MP: 7/7
  1202 | D:2      | Found an iron altar of Okawaru.
  1738 | D:2      | Found a burning altar of Makhleb.
  1802 | D:2      | Found a bloodstained altar of Trog.
  1802 | D:2      | Found an iron altar of Okawaru.
  1804 | D:2      | Found a shimmering altar of Xom.
  1846 | D:3      | Noticed Sigmund
  1853 | D:3      | Killed Sigmund
  1853 | D:3      | Reached skill level 1 in Ice Magic
  1853 | D:3      | Reached XP level 5. HP: 31/36 MP: 1/8
  1896 | D:3      | HP: 1/36 [poisoned by an orc]
  1898 | D:3      | Succumbed to an orc's poison

Illustrated notes

Levels and vault maps discovered:
D:1:      dpeg_arrival_water_temple_mockup, layout_basic,
          chequers_serial_rivers_small_a, minmay_splitting_lines,
          corner_web_ring, minmay_pentomino_w4
D:2:      layout_basic, nemelex_altar_shiori, lemuel_coloured_pillars_altar,
          chequers_temple_overflow_statue_of_worship, nicolae_ru_awakened_eye,
          first_ration, grunt_decor_one_mirror, okawaru_altar_gauntlet_db
D:3:      layout_rooms, makhleb_blood_cavern_becter, uniq_sigmund

Skill      XL: |  1  2  3  4  5 |
---------------+----------------+-----
Stealth        | 5 6 |  6.6
Short Blades   | 2 3 |  3.0
Hexes          | 5 6 |  6.0
Ice Magic      | 1 |  1.3
Fighting       | |  0.8
Dodging        | |  2.6
Spellcasting   | |  2.5

Action                   |  1- 3 |  4- 6 || total
-------------------------+-------+-------++-------
Melee: Dagger            |   111 |    72 ||   183
       Bite              |     4 |     4 ||     8
 Cast: Ensorcelled Hiber |     6 |    11 ||    17
 Abil: Exsanguinate      |       |     1 ||     1
  Use: Scroll            |       |     1 ||     1
 Stab: Sleeping          |    15 |    10 ||    25
Armor: Robe              |    17 |    14 ||    31
Dodge: Dodged            |    62 |    39 ||   101
